 Dungeon Crawl Stone Soup version 0.30.1-9-gdf580d7c3d (webtiles) character file.

Game seed: 2492905553354311202

439 safid the Chiller (level 7, 0/54 HPs)
             Began as a Merfolk Ice Elementalist on Oct 12, 2023.
             Slain by an orc wizard
             ... wielding a +0 dagger
              (2 damage)
             ... on level 4 of the Dungeon.
             The game lasted 00:06:07 (3938 turns).

safid the Chiller (Merfolk Ice Elementalist)        Turns: 3938, Time: 00:06:07

Health: 0/54       AC:  2    Str:  8    XL:     7   Next: 1%
Magic:  13/13      EV: 12    Int: 16    God:
Gold:   144        SH:  0    Dex: 15    Spells: 7/14 levels left

rFire   . . .        h - +2 dagger (venom)
rCold   . . .        (no shield)
rNeg    . . .        a - +0 robe
rPois   .            (no helmet)
rElec   .            (no cloak)
rCorr   .            (no gloves)
SInv    .            (no boots)
Will    .....        (no amulet)
Stlth   ++           (no ring)
HPRegen 0.29/turn    (no ring)
MPRegen 0.13/turn

%: no passive effects
@: no status effects
A: (nimble swimmer 2), mertail
a: no special abilities


You were on level 4 of the Dungeon.
You visited 1 branch of the dungeon, and saw 4 of its levels.
You also visited: Sewer.

You collected 270 gold pieces.
You spent 126 gold pieces at shops.

Inventory:

Hand Weapons
 h - a +2 dagger of venom (weapon)
Armour
 a - a +0 robe (worn)
Wands
 p - a wand of paralysis (8)
Scrolls
 c - 2 scrolls of fear {unknown}
 g - a scroll of poison {unknown}
 i - 3 scrolls of teleportation
 l - 4 scrolls of identify {unknown}
 o - a scroll of noise {unknown}
 q - a scroll of fog {unknown}
 r - a scroll of amnesia {unknown}
 s - a scroll of brand weapon {unknown}
 u - a scroll of vulnerability {unknown}
Potions
 b - a potion of magic
 e - 2 potions of haste {unknown}
 f - a potion of might {unknown}
 j - 2 potions of resistance {unknown}
 k - a potion of lignification {unknown}
 m - a potion of ambrosia {unknown}
 n - 2 potions of curing {unknown}
 t - 2 potions of cancellation {unknown}


   Skills:
 + Level 4.2 Fighting
 - Level 2.6 Dodging
 - Level 2.1 Stealth
 + Level 4.1 Spellcasting
 + Level 6.2 Ice Magic


You had 7 spell levels left.
You knew the following spells:

 Your Spells              Type           Power      Damage    Failure   Level
a - Freeze                Ice            92%        1d9       1%          1
b - Frozen Ramparts       Ice            46%        1d7       3%          3
c - Ozocubu's Armour      Ice            23%        N/A       3%          3

Your spell library contained the following spells:

 Spells                   Type           Power      Damage    Failure   Level
 Hailstorm                Conj/Ice       13%        3d5       14%         3
 Lesser Beckoning         Tloc           6%         N/A       26%         2
 Ice Form                 Ice/Tmut       13%        N/A       43%         4
 Summon Ice Beast         Ice/Summ       13%        N/A       43%         4
 Gell's Gravitas          Tloc           3%         N/A       45%         3
 Teleport Other           Tloc           3%         N/A       45%         3
 Simulacrum               Ice/Necr       6%         N/A       100%        6


Dungeon Overview and Level Annotations

Branches:
Dungeon (4/15)              Sewer (visited)
 Temple: D:4-7

Altars:
Sif Muna
Wu Jian
Yredelemnul

Shops:
D:2 *


Innate Abilities, Weirdness & Mutations

((You are very nimble when in or above water. (Stealth+, EV+, Speed+++)))
Your lower body shifts to a powerful aquatic tail in water.


Message History

You are too injured to fight recklessly!
You are too injured to fight recklessly!
You are too injured to fight recklessly!
You are too injured to fight recklessly!
You are too injured to fight recklessly!
Unknown command.
The orc priest shouts!
The orc priest calls down the wrath of Beogh upon you.
Beogh smites you!
* * * LOW HITPOINT WARNING * * *
The orc priest looks braver for a moment.
The orc wizard gestures at you while chanting.
You are confused.
You bump into the rock wall.
Unknown command.
You feel much better.
The orc wizard mumbles some strange words.
The orc wizard flickers and vanishes!
Deactivating autopickup; reactivate with Ctrl-A.
You bump into the rock wall.
The orc hits you with a +0 flail!
You bump into the rock wall.
You feel less confused. The orc hits you with a +0 flail! The orc misses you.
You hit the orc but do no damage.
The orc is poisoned.
The orc barely misses you. The orc misses you. Something hits you.
Unknown command.
You hit the orc.
The orc is poisoned.
The orc is moderately wounded.
The orc misses you. The orc closely misses you. Something hits you.
Unknown command.
You hit the orc.
The orc looks as sick as possible!
The orc is severely wounded.
The orc priest mumbles some strange prayers to Beogh against you.
Beogh smites you!
* * * LOW HITPOINT WARNING * * *
The orc hits you with a +0 flail!
* * * LOW HITPOINT WARNING * * *
The orc hits you but does no damage. Something hits you.
You die...

###### ###### #### #....#
#....# # ... #....# #.#...
##.###.#######....####.#..#
........oo@.......'.<..#..#
..........o.......######..#
........!o........# #..#
.................## #...
............>..### #.##
....$#+#####+#.... ...[
..... ##### ###.## ....
#...## ... #...).


You could see an orc priest and 3 orcs.

Vanquished Creatures
  A water moccasin (Sewer)
  A phantom (D:4)
  A gnoll bouda (D:4)
  3 orc wizards (D:3)
  5 adders
  3 gnolls (D:4)
  A worm (D:4)
  2 dart slugs (D:4)
  6 orcs
  A bat (D:2)
  3 endoplasms
  2 giant cockroaches (D:4)
  6 goblins
  8 hobgoblins
  6 jackals
  8 kobolds
  7 quokkas
  4 ball pythons
  4 frilled lizards
  5 rats
77 creatures vanquished.

Notes
Turn   | Place    | Note
-------+----------+-------------------------------------------
     0 | D:1      | safid the Merfolk Ice Elementalist began the quest for the
                  | Orb.
     0 | D:1      | Reached XP level 1. HP: 13/13 MP: 3/3
   227 | D:1      | Reached skill level 1 in Fighting
   227 | D:1      | Reached XP level 2. HP: 19/21 MP: 0/5
  1197 | D:2      | Found Xomuni's General Store.
  1202 | D:2      | Reached XP level 3. HP: 26/26 MP: 6/6
  1206 | D:2      | Learned a level 3 spell: Frozen Ramparts
  1220 | D:2      | Bought a potion of heal wounds for 70 gold pieces
  1220 | D:2      | Bought a scroll of teleportation for 42 gold pieces
  1220 | D:2      | Bought a potion of degeneration for 14 gold pieces
  2012 | D:3      | Reached skill level 5 in Ice Magic
  2012 | D:3      | Reached XP level 4. HP: 29/33 MP: 3/8
  2465 | D:3      | Reached XP level 5. HP: 36/39 MP: 9/9
  2716 | D:3      | Learned a level 3 spell: Ozocubu's Armour
  2828 | D:3      | Found an ornate altar of the Wu Jian Council.
  2835 | D:3      | Noticed a spectral centipede
  2835 | D:3      | Noticed a spectral black mamba
  2835 | D:3      | Noticed a spectral cane toad
  3023 | D:4      | Noticed a phantom
  3045 | D:4      | Killed a phantom
  3046 | D:4      | Reached XP level 6. HP: 15/47 MP: 11/11
  3284 | D:4      | Found a shimmering blue altar of Sif Muna.
  3372 | D:4      | Found a glowing drain.
  3376 | Sewer    | Entered a sewer
  3458 | Sewer    | Noticed a water moccasin
  3473 | Sewer    | Killed a water moccasin
  3474 | Sewer    | Reached skill level 6 in Ice Magic
  3798 | D:4      | Found a runed translucent door.
  3798 | D:4      | Noticed a human
  3804 | D:4      | Reached XP level 7. HP: 48/54 MP: 13/13
  3830 | D:4      | Found a basalt altar of Yredelemnul.
  3938 | D:4      | HP: 2/54 [orc/+0 flail (7)]
  3938 | D:4      | Slain by an orc wizard

Illustrated notes

Levels and vault maps discovered:
D:1:      mainiacjoe_arrival_reflecting_pool, layout_loops_ring, minmay_tall_x
D:2:      layout_basic, serial_shops, shop
D:3:      layout_loops_ring, pdpol_wu_jian_five_deadly_venoms, minmay_checkerbox
D:4:      layout_basic, nicolae_sif_muna_condensation, dk_yredelemnul_ordeal,
          gup_sewer_entry_bowl, minmay_pentangle

Skill      XL: |  1  2  3  4  5  6 |
---------------+-------------------+-----
Fighting       | 1 2 3 4 |  4.2
Ice Magic      | 5 6 |  6.2
Spellcasting   | 3 4 |  4.1
Dodging        | |  2.6
Stealth        | |  2.1

Action                     |  1- 3 |  4- 6 |  7- 9 || total
---------------------------+-------+-------+-------++-------
  Melee: Unarmed           |    15 |       |       ||    15
         Dagger            |    62 |   163 |    12 ||   237
         Punch             |       |     2 |       ||     2
         Tailslap          |       |     2 |       ||     2
   Cast: Freeze            |    20 |     1 |       ||    21
         Frozen Ramparts   |       |     4 |       ||     4
         Ozocubu's Armour  |       |     2 |       ||     2
    Use: Potion            |     1 |       |     1 ||     2
   Stab: Sleeping          |     3 |     6 |       ||     9
         Distracted        |     1 |       |       ||     1
 Armour: Robe              |     9 |    24 |     2 ||    35
  Dodge: Dodged            |    51 |   104 |    13 ||   168
